Description

Uthermal Reaper Rush from wcs Challenger, he used it against Elazer

VOD

https://www.twitch.tv/videos/436170691?t=01h53m26s

Build Order

Get SALT Encoding   

  14  0:17  Supply Depot  
  16  0:45  Barracks  
  16  0:46  Refinery  
  17  1:00  Barracks  
  19  1:30  Reaper, Orbital Command  mass reaper from all barracks
  20  1:37  Barracks  
  20  1:42  Refinery  
  21  1:55  Supply Depot  
  25  2:22  Supply Depot  
  30  2:56  Command Center  
  32  3:12  Engineering Bay  
  34  3:34  Barracks  
  36  3:37  Terran Infantry Weapons Level 1  try to harras your opponent without losing your reapers, and when upgrade is finished try to finish game, otherwise you have to play macro game
  37  3:49  Barracks  
  39  4:05  Refinery  
  42  4:15  Orbital Command  
  49  4:42  Supply Depot  
  52  4:52  Supply Depot  
  55  5:04  Supply Depot  
Spawning Tool Build Advisor. Get it on Overwolf

Analysis

try to harras opponent without losing reaper until having +1, and then finish game, otherwise you have to play macro game, i recommend bio with this 5 barracks. if there is too much creep, use scan and destroy this creep tumors.

Go to:

Details

  • Created by: Bodzioo
  • Published on: Jun 09, 2019
  • Modified on: Jun 09, 2019
  • Patch: 4.7.1
Show
View Real Time Build Order
Export as new Build Order

Comments (0)

There are no comments. Be the first!

Create an account to comment!